 Dungeon Crawl Stone Soup version 0.23.2-40-g277498a001 (webtiles) character file.

Game seed: 17582943348645048011

2043 Htamos the Thaumaturge (level 9, -5/65 HPs)
             Began as a Gnoll Wizard on Aug 31, 2019.
             Killed from afar by an electric eel (12 damage)
             ... with a bolt of electricity
             ... on level 6 of the Dungeon.
             The game lasted 00:20:15 (8735 turns).

Htamos the Thaumaturge (Gnoll Wizard)               Turns: 8735, Time: 00:20:16

Health: -5/65      AC:  5    Str:  9    XL:     9   Next: 24%
Magic:  14/21      EV: 22    Int: 24    God:
Gold:   90         SH:  0    Dex: 19    Spells: 12/24 levels left

rFire    . . .     SeeInvis .   y - +0 scythe (protect)
rCold    . . .     Gourm    .   (shield currently unavailable)
rNeg     . . .     Faith    .   a - +0 robe
rPois    .         Spirit   .   b - +1 hat
rElec    .         Reflect  .   q - +0 cloak
rCorr    .         Harm     .   (no gloves)
MR       .....                  z - +0 pair of boots
Stlth    +++++.....             (no amulet)
HPRegen  0.20/turn              j - ring of stealth
MPRegen  0.17/turn              (no ring)

@: agile, studying Fire Magic
A: distributed training, fangs 1, strong nose
a: no special abilities


You were on level 6 of the Dungeon.
You were very hungry.

You visited 2 branches of the dungeon, and saw 7 of its levels.

You collected 226 gold pieces.
You spent 136 gold pieces at shops.

Inventory:

Hand Weapons
 c - a +0 club
 l - a +0 dagger
 o - a +0 hunting sling
 v - a +0 spear
 y - a +0 scythe of protection (weapon)
Missiles
 m - 166 stones (quivered)
Armour
 a - a +0 robe (worn)
 b - a +1 hat (worn)
 q - a +0 cloak (worn)
 z - a +0 pair of boots (worn)
Jewellery
 e - an uncursed amulet of guardian spirit {unknown}
 j - a ring of stealth (left hand)
Wands
 k - a wand of random effects (14)
Scrolls
 f - a scroll of enchant armour
 g - 2 scrolls of amnesia
 n - a scroll of enchant weapon {unknown}
 p - 3 scrolls of remove curse
 r - 8 scrolls of teleportation
 s - 5 scrolls of identify
 x - a scroll of noise
Potions
 h - a potion of might {unknown}
 i - a potion of flight
 t - a potion of ambrosia {unknown}
 w - 2 potions of brilliance
 A - a potion of agility
Books
 u - a manual of Fire Magic
Comestibles
 d - 5 rations


   Skills:
 + Level 4.0 Fighting
 + Level 4.0 Short Blades
 + Level 4.0 Long Blades
 + Level 4.0 Axes
 + Level 4.0 Maces & Flails
 + Level 4.0 Polearms
 + Level 4.0 Staves
 + Level 4.0 Slings
 + Level 4.0 Bows
 + Level 4.0 Crossbows
 + Level 4.0 Throwing
 + Level 4.0 Armour
 + Level 6.1 Dodging
 + Level 5.8 Stealth
 + Level 4.0 Shields
 + Level 4.0 Unarmed Combat
 + Level 8.2 Spellcasting
 + Level 4.0 Conjurations
 + Level 3.2 Hexes
 + Level 3.2 Charms
 + Level 4.0 Summonings
 + Level 3.2 Necromancy
 + Level 4.0 Translocations
 + Level 3.2 Transmutations
 + Level 4.3 Fire Magic
 + Level 3.2 Ice Magic
 + Level 3.2 Air Magic
 + Level 3.2 Earth Magic
 + Level 3.2 Poison Magic
 + Level 4.4 Invocations
 + Level 4.0 Evocations


You had 12 spell levels left.
You knew the following spells:

 Your Spells              Type           Power        Failure   Level  Hunger
a - Magic Dart            Conj           ####         1%          1    None
b - Blink                 Tloc           N/A          1%          2    None
c - Conjure Flame         Conj/Fire      ####....     3%          3    None
d - Pain                  Necr           ####         1%          1    None
e - Regeneration          Chrm/Necr      ####......   4%          3    None
f - Call Imp              Summ           ####....     1%          2    None

Your spell library contained the following spells:

 Spells                   Type           Power        Failure   Level  Hunger
 Animate Skeleton         Necr           N/A          1%          1    None
 Slow                     Hex            ####....     2%          2    None
 Mephitic Cloud           Conj/Pois/Air  ####....     4%          3    None
 Vampiric Draining        Necr           ####......   4%          3    None
 Animate Dead             Necr           N/A          16%         4    ##.....


Dungeon Overview and Level Annotations

Branches:
Dungeon (6/15)             Temple (1/1) D:6

Altars:
Ashenzari
Cheibriados
Elyvilon
Fedhas
Gozag
Hepliaklqana
Kikubaaqudgha
Makhleb
Nemelex Xobeh
Okawaru
Qazlal
Ru
Uskayaw
Vehumet
Wu Jian
Xom
Yredelemnul
Zin
The Shining One

Shops:
D:5 *


Innate Abilities, Weirdness & Mutations

Your experience applies equally to all skills.
You have very sharp teeth.
Your uncanny sense of smell can sniff out nearby items.


Message History

Okay, then.
Okay, then.
You swap places.
The electric eel shoots out a bolt of lightning at you!
The bolt of electricity hits your iron imp.
Your iron imp resists.
The bolt of electricity hits your crimson imp.
The bolt of electricity hits you!
* * * LOW HITPOINT WARNING * * *
The electric eel shoots out a bolt of lightning at you!
The bolt of electricity hits your crimson imp!
Your crimson imp dies!
The bolt of electricity hits you!
* * * LOW HITPOINT WARNING * * *
Unknown command.
It was a potion of agility.
You feel agile all of a sudden.
The electric eel shoots out a bolt of lightning at you!
The bolt of electricity hits you!
You die...

#>.........#
#.#.########
#.#.######.# ####### #
#.#.# #.# ≈≈≈≈≈≈≈ #
#.#[#### #.# ≈...... #
#.#....# #.# ≈...... #
#.####.# #.# ≈..#≈≈≈ #
#.# #.# #.# ;..≈≈# # #.#
#.# #.######≈..≈# # #.#
#.# #....@.'5..≈# #
#.####.###.######;..≈# #
#..........# ≈..≈≈# #
######.##########≈..#≈≈≈
#..........#≈..5... ∆
############≈......
≈≈≈≈≈≈≈ #######


You could see an electric eel and a friendly iron imp.

Vanquished Creatures
  Prince Ribbit (D:5)
  Sigmund (D:3)
  An ice beast (D:5)
  2 sky beasts
  2 black bears (D:6)
  2 ogres
  3 bullfrogs (D:6)
  A wyvern skeleton (D:6)
  A jelly (D:5)
  The ghost of topfpfpflanze the Ducker, a weakling DEGl of Fedhas (D:3)
  3 centaur zombies
  A bullfrog zombie (D:6)
  3 hounds
  A centaur skeleton (D:5)
  2 orc wizards
  Crazy Yiuf (D:5)
  A bullfrog skeleton (D:5)
  An iguana (D:5)
  3 worker ants
  6 adders
  2 shadow imps (D:5)
  An ooze (D:2)
  An adder skeleton (D:4)
  2 worms
  2 dart slugs
  6 leopard geckos
  10 orcs
  7 bats
  7 giant cockroaches
  5 goblins
  10 hobgoblins
  6 jackals
  8 kobolds
  2 quokkas (D:3)
  A ball python (D:3)
  6 frilled lizards
  A leopard gecko skeleton (D:5)
  A quokka zombie (D:6)
  6 rats
121 creatures vanquished.

Vanquished Creatures (collateral kills)
  Grinder (D:4)
1 creature vanquished.

Vanquished Creatures (others)
  A plant (D:1)
1 creature vanquished.

Grand Total: 123 creatures vanquished

Notes
Turn   | Place    | Note
-------+----------+-------------------------------------------
     0 | D:1      | Htamos the Gnoll Wizard began the quest for the Orb.
     0 | D:1      | Reached XP level 1. HP: 13/13 MP: 8/8
   124 | D:1      | Reached XP level 2. HP: 19/19 MP: 3/10
  1024 | D:2      | Found a faded altar of an unknown god.
  1031 | D:2      | Reached XP level 3. HP: 19/25 MP: 5/11
  1246 | D:2      | Reached skill level 1 in Invocations
  1357 | D:2      | Found a blossoming altar of Fedhas.
  1485 | D:2      | Learned a level 2 spell: Blink
  1489 | D:2      | Learned a level 3 spell: Conjure Flame
  1615 | D:2      | Reached skill level 1 in Fighting
  1615 | D:2      | Reached skill level 1 in Short Blades
  1615 | D:2      | Reached skill level 1 in Long Blades
  1615 | D:2      | Reached skill level 1 in Axes
  1615 | D:2      | Reached skill level 1 in Maces & Flails
  1615 | D:2      | Reached skill level 1 in Polearms
  1615 | D:2      | Reached skill level 1 in Staves
  1615 | D:2      | Reached skill level 1 in Slings
  1615 | D:2      | Reached skill level 1 in Bows
  1615 | D:2      | Reached skill level 1 in Crossbows
  1615 | D:2      | Reached skill level 1 in Throwing
  1615 | D:2      | Reached skill level 1 in Armour
  1615 | D:2      | Reached skill level 1 in Shields
  1615 | D:2      | Reached skill level 1 in Unarmed Combat
  1615 | D:2      | Reached skill level 1 in Evocations
  1743 | D:2      | Reached XP level 4. HP: 32/32 MP: 11/13
  2380 | D:3      | Noticed Sigmund
  2497 | D:3      | Reached skill level 1 in Hexes
  2497 | D:3      | Reached skill level 1 in Charms
  2497 | D:3      | Reached skill level 1 in Necromancy
  2497 | D:3      | Reached skill level 1 in Transmutations
  2497 | D:3      | Reached skill level 1 in Fire Magic
  2497 | D:3      | Reached skill level 1 in Ice Magic
  2497 | D:3      | Reached skill level 1 in Air Magic
  2497 | D:3      | Reached skill level 1 in Earth Magic
  2497 | D:3      | Reached skill level 1 in Poison Magic
  2973 | D:3      | Learned a level 1 spell: Pain
  3014 | D:3      | Reached XP level 5. HP: 22/37 MP: 5/14
  3408 | D:3      | Killed Sigmund
  3408 | D:3      | Reached XP level 6. HP: 44/44 MP: 0/16
  3556 | D:3      | Found a large runed translucent door.
  3556 | D:3      | Found a large runed translucent door.
  3556 | D:3      | Noticed topfpfpflanze's ghost (weakling DEGl)
  3569 | D:3      | Learned a level 3 spell: Regeneration
  3572 | D:3      | Learned a level 2 spell: Call Imp
  3610 | D:3      | Killed topfpfpflanze's ghost
  3610 | D:3      | Reached skill level 5 in Dodging
  4023 | D:4      | Reached XP level 7. HP: 50/50 MP: 6/18
  4847 | D:4      | Noticed Grinder
  4869 | D:4      | Killed Grinder
  5018 | D:5      | Entered Level 5 of the Dungeon
  5108 | D:4      | Reached skill level 5 in Stealth
  5454 | D:5      | Found a hide-covered altar of Uskayaw.
  5521 | D:5      | Reached XP level 8. HP: 11/57 MP: 0/19
  5784 | D:5      | Found Gieg's Assorted Antiques.
  5896 | D:5      | Bought 3 scrolls labeled ROSONISYWO for 102 gold pieces
  5896 | D:5      | Bought a scroll labeled MESEUSEOSH for 34 gold pieces
  5984 | D:5      | Found a runed translucent door.
  5985 | D:5      | Noticed Crazy Yiuf
  5990 | D:5      | You fall through a shaft!
  6404 | D:6      | Found a staircase to the Ecumenical Temple.
  6454 | Temple   | Entered the Ecumenical Temple
  6940 | D:6      | Reached skill level 8 in Spellcasting
  7447 | D:5      | Reached XP level 9. HP: 65/65 MP: 15/21
  7987 | D:5      | Noticed Prince Ribbit
  7998 | D:5      | Killed Prince Ribbit
  8102 | D:5      | Found a snail-covered altar of Cheibriados.
  8528 | D:5      | Killed Crazy Yiuf
  8735 | D:6      | Killed from afar by an electric eel

Skill      XL: |  1  2  3  4  5  6  7  8  9 |
---------------+----------------------------+-----
Conjurations   | 2 3 4 |  4.0
Summonings     | 2 3 4 |  4.0
Translocations | 2 3 4 |  4.0
Invocations    | 1 2 3 4 |  4.4
Fighting       | 1 2 3 4 |  4.0
Short Blades   | 1 2 3 4 |  4.0
Long Blades    | 1 2 3 4 |  4.0
Axes           | 1 2 3 4 |  4.0
Maces & Flails | 1 2 3 4 |  4.0
Polearms       | 1 2 3 4 |  4.0
Staves         | 1 2 3 4 |  4.0
Slings         | 1 2 3 4 |  4.0
Bows           | 1 2 3 4 |  4.0
Crossbows      | 1 2 3 4 |  4.0
Throwing       | 1 2 3 4 |  4.0
Armour         | 1 2 3 4 |  4.0
Shields        | 1 2 3 4 |  4.0
Unarmed Combat | 1 2 3 4 |  4.0
Evocations     | 1 2 3 4 |  4.0
Hexes          | 1 2 3 |  3.2
Charms         | 1 2 3 |  3.2
Necromancy     | 1 2 3 |  3.2
Transmutations | 1 2 3 |  3.2
Fire Magic     | 1 2 3 4 |  4.3
Ice Magic      | 1 2 3 |  3.2
Air Magic      | 1 2 3 |  3.2
Earth Magic    | 1 2 3 |  3.2
Poison Magic   | 1 2 3 |  3.2
Dodging        | 5 6 |  6.1
Stealth        | 5 |  5.8
Spellcasting   | 8 |  8.2

Action                   |  1- 3 |  4- 6 |  7- 9 || total
-------------------------+-------+-------+-------++-------
Melee: Spear             |       |    17 |       ||    17
       Scythe            |       |     2 |    18 ||    20
       Bite              |       |     1 |       ||     1
Throw: Stone             |       |     4 |       ||     4
 Cast: Magic Dart        |    84 |   161 |   231 ||   476
       Call Imp          |       |     3 |    27 ||    30
       Conjure Flame     |       |     2 |     5 ||     7
       Blink             |       |       |     1 ||     1
Evoke: Wand              |       |       |     5 ||     5
  Use: Scroll            |       |     4 |     9 ||    13
       Potion            |       |     4 |     3 ||     7
  Eat: Chunk             |     2 |     7 |    10 ||    19
       Ration            |       |       |     1 ||     1
Armor: Robe              |     6 |    12 |    14 ||    32
       Skin              |       |     4 |    17 ||    21
Dodge: Dodged            |     9 |    20 |    98 ||   127
